 Dungeon Crawl Stone Soup version 0.28.0-53-g5a82cb258f (webtiles) character file.

Game seed: 14862471291290774893

55 Peloso the Shield-Bearer (level 3, 0/33 HPs)
             Began as a Minotaur Fighter on Aug 6, 2022.
             Slain by Robin
             ... wielding a +0 trident
              (3 damage)
             ... on level 2 of the Dungeon.
             The game lasted 00:01:56 (1207 turns).

Peloso the Shield-Bearer (Minotaur Fighter)         Turns: 1207, Time: 00:01:57

Health: 0/33       AC:  9    Str: 20    XL:     3   Next: 67%
Magic:  2/2        EV:  7    Int:  5    God:
Gold:   43         SH:  4    Dex: 11    Spells: 2/2 levels left

rFire   . . .      SeeInvis .   a - +0 long sword
rCold   . . .      Faith    .   c - +0 buckler
rNeg    . . .      Spirit   .   b - +0 chain mail
rPois   .          Reflect  .   (helmet restricted)
rElec   .          Harm     .   (no cloak)
rCorr   .          Rampage  .   (no gloves)
Will    .....                   (no boots)
Stlth   ..........              (no amulet)
HPRegen 0.11/turn               (no ring)
MPRegen 0.08/turn               (no ring)

@: no status effects
A: horns 2, retaliatory headbutt
a: no special abilities


You were on level 2 of the Dungeon.
You visited 1 branch of the dungeon, and saw 2 of its levels.

You collected 43 gold pieces.

Inventory:

Hand Weapons
 a - a +0 long sword (weapon)
Armour
 b - a +0 chain mail (worn)
 c - a +0 buckler (worn)
 h - a +0 scale mail
Scrolls
 e - a scroll of identify {unknown}
 g - a scroll of enchant armour {unknown}
 j - a scroll of immolation {unknown}
Potions
 d - 2 potions of might
 f - a potion of curing
 i - a potion of brilliance {unknown}
 k - a potion of invisibility {unknown}


   Skills:
 + Level 4.0 Fighting
 + Level 3.6 Long Blades
 + Level 4.0 Armour
 + Level 0.2 Dodging
 + Level 4.2 Shields


You had 2 spell levels left.
You didn't know any spells.
Your spell library contained the following spells:

 Spells                   Type           Power      Damage    Failure   Level
 Magic Dart               Conj           0%         1d3       100%        1
 Searing Ray              Conj           0%         2d4       100%        2
 Fulminant Prism          Conj/Hex       0%         3d6       100%        4


Dungeon Overview and Level Annotations

Branches:
Dungeon (2/15)

Altars:

Annotations:
D:2 Robin


Innate Abilities, Weirdness & Mutations

You have a pair of horns on your head.
You reflexively headbutt those who attack you in melee.


Message History

Your Armour skill increases to level 4!
Unknown command.
You hit the goblin.
You kill the goblin!
Robin roars a battlecry!
A goblin comes into view. It is wielding a +0 club.
You hit the hobgoblin.
The hobgoblin is lightly wounded.
The hobgoblin barely misses you.
You slash the hobgoblin!
You kill the hobgoblin!
A goblin comes into view. It is wielding a +0 dagger.
A goblin comes into view. It is wielding a +0 club.
You hit the hobgoblin.
The hobgoblin is almost dead.
Robin throws the goblin at you!
The hobgoblin hits you but does no damage.
The goblin hits you with a +0 dagger.
You slash the goblin!
You kill the goblin!
Robin barely misses you.
The hobgoblin hits you but does no damage.
A giant cockroach comes into view.
Robin throws the goblin at you! The hobgoblin hits you.
* * * LOW HITPOINT WARNING * * *
You hit the goblin but do no damage. You headbutt the goblin.
You kill the goblin!
Robin throws the goblin at you! The hobgoblin hits you.
* * * LOW HITPOINT WARNING * * *
Unknown command.
You closely miss the goblin. The goblin hits you but does no damage.
Robin hits you but does no damage.
The hobgoblin hits you but does no damage.
A goblin comes into view. It is wielding a +0 dagger.
The goblin hits you but does no damage.
Unknown command.
You hit the goblin.
The goblin is severely wounded.
Robin hits you from afar with a +0 trident.
You die...

####.#....#.#........#
#......####.#........#
####.##.#.#....#......###
○°○..##.#.#.##.....####
☼○§..##.#.#......#.##
§§..............>...#
####....#.####...#..##
####.......##g#...#
#..........##@#...###
#.##......>##g#..... #.
#.......##g#.#.### ..
#..†....##Bg.....# ...
#.......#....#gg.# ....
#.......#.####...# .....
#.......#.####...# .....
#.......#'#..#.#.#
#............#.#gg


You could see Robin, a giant cockroach, a hobgoblin (strong) and 2 goblins.

Vanquished Creatures
  An adder (D:2)
  A worm (D:2)
  6 endoplasms (D:1)
  3 giant cockroaches
  9 goblins
  3 hobgoblins
  3 jackals (D:1)
  3 kobolds (D:1)
  2 ball pythons (D:1)
  2 bats (D:1)
  A frilled lizard (D:1)
  A rat (D:2)
35 creatures vanquished.

Notes
Turn   | Place    | Note
-------+----------+-------------------------------------------
     0 | D:1      | Peloso the Minotaur Fighter began the quest for the Orb.
     0 | D:1      | Reached XP level 1. HP: 19/19 MP: 0/0
   429 | D:1      | Reached XP level 2. HP: 27/27 MP: 1/1
   620 | D:1      | Found a faded altar of an unknown god.
   719 | D:1      | Reached XP level 3. HP: 31/31 MP: 2/2
  1182 | D:2      | Noticed Robin
  1207 | D:2      | Slain by Robin

Illustrated notes

Levels and vault maps discovered:
D:1:      saegor_arrival_simple_c, layout_basic,
          shapermc_ecumenical_altar_pompeii
D:2:      layout_basic, lemuel_flame_loot_1, uniq_robin

Skill      XL: |  1  2  3 |
---------------+----------+-----
Fighting       | 4 |  4.0
Shields        | 4 |  4.2
Long Blades    | 3 |  3.6
Armour         | 4 |  4.0
Dodging        | |  0.2

Action                   || total
-------------------------++-------
Melee: Long sword        ||    93
       Headbutt          ||    10
  Use: Potion            ||     1
Armor: Scale mail        ||    25
       Chain mail        ||    33
Dodge: Dodged            ||    39
Block: Buckler           ||    26
